 Dungeon Crawl Stone Soup version 0.30.0 (webtiles) character file.

Game seed: 13256387844013378179

726 monsoonserge the Covert (level 7, -2/33 HPs)
             Began as a Spriggan Enchanter on May 6, 2023.
             Was an Elder of Makhleb.
             Hit by a large rock thrown by a cyclops (35 damage)
             ... on level 6 of the Dungeon.
             The game lasted 00:28:31 (4289 turns).

monsoonserge the Covert (Spriggan Enchanter)        Turns: 4289, Time: 00:28:31

Health: -2/33      AC:  7    Str:  4    XL:     7   Next: 44%
Magic:  23/23      EV: 18    Int: 19    God:    Makhleb [****..]
Gold:   294        SH:  0    Dex: 15    Spells: 7/12 levels left

rFire   + . .        a - +1 dagger
rCold   . . .        (no shield)
rNeg    . . .        b - +0 robe
rPois   .            (helmet restricted)
rElec   .            E - +0 cloak
rCorr   .            (gloves unavailable)
SInv    +            (boots unavailable)
Will    +....        G
                       - Hermit's Pendant {Faith Invo=14 Evo=0 MP+5}
Stlth   ++++         n - ring of protection from fire
HPRegen 0.25/turn    w - +4 ring of protection
MPRegen 0.18/turn

%: faith
@: very quick
A: very small, no large weapons, unfitting armour, see invisible, speed 3
a: Renounce Religion, Minor Destruction, Lesser Servant of Makhleb, Major
Destruction


You were on level 6 of the Dungeon.
You worshipped Makhleb.
Makhleb was greatly pleased with you.
You visited 2 branches of the dungeon, and saw 7 of its levels.
You also visited: Ossuary.

You collected 354 gold pieces.
You spent 60 gold pieces at shops.

Inventory:

Hand Weapons
 a - a +1 dagger (weapon)
 r - a +0 sling
 K - a +0 rapier
Missiles
 d - 6 curare-tipped darts
 h - 48 stones
 o - 6 poisoned darts (quivered)
 F - a boomerang
Armour
 b - a +0 robe (worn)
 E - a +0 cloak (worn)
Magical Staves
 l - a staff of poison
Jewellery
 n - a ring of protection from fire (left hand)
 u - an amulet of regeneration
 w - a +4 ring of protection (right hand)
 G - the Hermit's Pendant (around neck) {Faith Invo=14 Evo=0 MP+5}
   (You found it on level 5 of the Dungeon)

   [amulet of faith]

   Invo=14: It sets your Invocations skill to 14.
   Evo=0: It sets your Evocations skill to 0.
   It allows you to gain divine favour quickly.
   MP:        It affects your magic capacity (+5).
Wands
 s - a wand of roots (7)
 D - a wand of charming (14)
Scrolls
 i - a scroll of torment {unknown}
 j - a scroll of brand weapon {unknown}
 k - 4 scrolls of magic mapping {unknown}
 m - 6 scrolls of identify {unknown}
 q - a scroll of fog {unknown}
 t - 3 scrolls of teleportation {unknown}
 x - a scroll of enchant weapon {unknown}
 y - a scroll of immolation {unknown}
 B - a scroll of noise {unknown}
 C - a scroll of fear {unknown}
 I - a scroll of amnesia {unknown}
Potions
 c - a potion of invisibility
 e - 2 potions of heal wounds
 f - 2 potions of might {unknown}
 g - a potion of berserk rage {unknown}
 p - 3 potions of curing {unknown}
 v - 3 potions of haste {unknown}
 z - 3 potions of attraction {unknown}
 A - a potion of brilliance {unknown}
 H - a potion of degeneration {unknown}
 J - a potion of ambrosia {unknown}


   Skills:
 + Level 1.0 Fighting
 + Level 3.7 Short Blades
 + Level 4.4 Dodging
 + Level 8.0 Stealth
 - Level 3.0 Spellcasting
 + Level 5.1 Hexes
 - Level 2.0 Ice Magic
 - Level 2.5(14.0) Invocations
 - Level 1.0(0.0) Evocations


You had 7 spell levels left.
You knew the following spells:

 Your Spells              Type           Power      Damage    Failure   Level
a - Ensorcelled Hibernat  Hex/Ice        32%        N/A       5%          2
b - Confusing Touch       Hex            22%        N/A       5%          3

Your spell library contained the following spells:

 Spells                   Type           Power      Damage    Failure   Level
 Tukima's Dance           Hex            22%        N/A       5%          3
 Summon Small Mammal      Summ           8%         N/A       16%         1
 Dazzling Flash           Conj/Hex       24%        N/A       16%         3
 Summon Guardian Golem    Hex/Summ       12%        N/A       16%         3
 Passwall                 Tmut/Erth      1%         N/A       22%         2
 Hailstorm                Conj/Ice       6%         3d4       30%         3
 Call Canine Familiar     Summ           2%         N/A       41%         3
 Stone Arrow              Conj/Erth      4%         3d7       41%         3
 Swiftness                Air            2%         N/A       41%         3
 Ice Form                 Ice/Tmut       6%         N/A       69%         4
 Animate Armour           Summ/Erth      4%         N/A       83%         4
 Simulacrum               Ice/Necr       3%         N/A       100%        6
 Lehudib's Crystal Spear  Conj/Erth      1%         10d2      100%        8


Dungeon Overview and Level Annotations

Branches:
Dungeon (6/15)             Temple (1/1) D:5         Ossuary (visited)

Altars:
Ashenzari
Cheibriados
Dithmenos
Elyvilon
Fedhas
Hepliaklqana
Kikubaaqudgha
Makhleb
Nemelex Xobeh
Qazlal
Ru
Sif Muna
Trog
Uskayaw
Vehumet
Wu Jian
Xom
Yredelemnul
Zin
The Shining One

Shops:
D:1 !   D:2 *


Innate Abilities, Weirdness & Mutations

You are very small and have problems with some larger weapons.
You are too small for most types of armour.
You have supernaturally acute eyesight. (SInv)
You cover ground extremely quickly. (Speed+++)


Message History

A gnoll comes into view. It is wielding a +0 halberd.
The gnoll bouda barks out a call to the hunt!
The gnolls pick up the pace!
The gnoll shouts!
The gnoll shouts!
You hit the gnoll but do no damage. The gnoll hits you with a +0 whip!
Press: ? - help, v - describe, . - travel
Here: a gnoll, wielding a +0 whip (covering ground quickly)
The floor.
Casting: Ensorcelled Hibernation (safe; 5% risk of failure)
Confirm with . or Enter, or press ? or * to list all spells.
Aiming: Ensorcelled Hibernation (safe; 5% risk of failure)
Press: ? - help, Shift-Dir - straight line, f/p - gnoll
Aim: a gnoll, wielding a +0 whip (covering ground quickly, not susceptible)
Okay, then.
Unknown command.
Okay, then.
Casting: Ensorcelled Hibernation (safe; 5% risk of failure)
Confirm with . or Enter, or press ? or * to list all spells.
You don't know that spell.
Casting: Ensorcelled Hibernation (safe; 5% risk of failure)
Confirm with . or Enter, or press ? or * to list all spells.
Your hands begin to glow red.
The gnoll completely misses you.
You hit the gnoll but do no damage.
The gnoll appears confused.
The gnoll hits you with a +0 whip.
The gnoll bouda gazes fiercely through you!
You feel your attacks grow feeble.
The gnoll hits itself with a +0 whip.
Your attacks no longer feel as feeble.
There is a stone staircase leading up here.
You climb upwards.
There is a stone staircase leading down here.
You start resting.
Magic restored.
You climb downwards.
There is a stone staircase leading up here.
A cyclops comes into view.
The cyclops throws a large rock.
The large rock hits you!!
Ouch! That really hurt!
You die...

..... .C.#.. .... ...#...
...###....... ............
... ........... ....
#.......... ....
#.......... . ...
+.@........ ..
#.###..<.......
...#..............
..........########
................ ..# #+
.#......#+#########.#+###.
#.###.....##...........#.
# #......++...........#.
.##......##...........#.


You could see a cyclops.

Vanquished Creatures
  A water moccasin (D:5)
  An ogre (D:5)
  A centaur zombie (Ossuary)
  3 hounds (D:5)
  Crazy Yiuf (D:4)
  2 human zombies (Ossuary)
  2 iguanas
  A sleepcap (D:5)
  Ijyb (D:3)
  2 hound zombies (Ossuary)
  3 mummies (Ossuary)
  6 adders
  An adder zombie (Ossuary)
  A worm (D:2)
  A dart slug (D:1)
  11 orcs
  5 ball pythons
  6 bats
  5 endoplasms
  3 giant cockroaches
  5 goblins
  6 hobgoblins
  5 quokkas
  5 frilled lizards
  A gnoll zombie (Ossuary)
  5 goblin zombies (Ossuary)
  2 hobgoblin zombies (Ossuary)
  2 jackal zombies (Ossuary)
  6 kobolds
  5 kobold zombies (Ossuary)
  4 orc zombies (Ossuary)
  3 quokka zombies (Ossuary)
  3 rats
  6 rat zombies (Ossuary)
115 creatures vanquished.

Notes
Turn   | Place    | Note
-------+----------+-------------------------------------------
     0 | D:1      | monsoonserge the Spriggan Enchanter began the quest for the
                  | Orb.
     0 | D:1      | Reached XP level 1. HP: 9/9 MP: 5/5
    61 | D:1      | Found a faded altar of an unknown god.
    81 | D:1      | Prayed at the altar of an unknown god.
    81 | D:1      | Became a worshipper of Makhleb the Destroyer
    81 | D:1      | Reached * piety under Makhleb
   121 | D:1      | Reached skill level 5 in Stealth
   121 | D:1      | Reached XP level 2. HP: 5/13 MP: 6/6
   237 | D:1      | Found Hoyhah's Distillery.
   278 | D:1      | Learned a level 2 spell: Ensorcelled Hibernation
   635 | D:2      | Reached XP level 3. HP: 16/16 MP: 5/8
   809 | D:2      | Found Wemmeam's Assorted Antiques.
   855 | D:1      | Bought a potion of heal wounds for 60 gold pieces
   981 | D:2      | Reached ** piety under Makhleb
  1461 | D:3      | Learned a level 3 spell: Confusing Touch
  1518 | D:3      | Noticed Ijyb
  1524 | D:3      | Reached skill level 1 in Ice Magic
  1524 | D:3      | Reached skill level 1 in Invocations
  1536 | D:3      | Killed Ijyb
  1537 | D:3      | Reached skill level 6 in Stealth
  1537 | D:3      | Reached XP level 4. HP: 21/21 MP: 6/9
  2029 | D:4      | Reached XP level 5. HP: 24/24 MP: 10/10
  2181 | D:4      | Found a sand-covered staircase.
  2268 | Ossuary  | Entered an ossuary
  2411 | Ossuary  | Reached *** piety under Makhleb
  2604 | Ossuary  | Reached XP level 6. HP: 29/29 MP: 11/11
  2782 | D:4      | Found a hazy altar of Hepliaklqana.
  2913 | D:4      | Found a runed translucent door.
  2914 | D:4      | Noticed Crazy Yiuf
  2927 | D:4      | Killed Crazy Yiuf
  3068 | D:4      | Reached **** piety under Makhleb
  3234 | D:5      | Entered Level 5 of the Dungeon
  3308 | D:5      | Reached skill level 7 in Stealth
  3308 | D:5      | Reached skill level 1 in Evocations
  3341 | D:5      | Noticed a water moccasin
  3346 | D:5      | Killed a water moccasin
  3347 | D:5      | Reached XP level 7. HP: 32/32 MP: 9/12
  3375 | D:5      | Found the Hermit's Pendant {Faith Invo=14 Evo=0 MP+5}
  3653 | D:5      | Reached skill level 5 in Hexes
  3735 | D:5      | Found a sparkling altar of Nemelex Xobeh.
  3844 | D:5      | Found a staircase to the Ecumenical Temple.
  3853 | Temple   | Entered the Ecumenical Temple
  4096 | D:5      | Reached skill level 1 in Fighting
  4096 | D:5      | Reached skill level 8 in Stealth
  4289 | D:6      | Noticed a cyclops
  4289 | D:6      | Hit by a large rock thrown by a cyclops

Illustrated notes

Levels and vault maps discovered:
D:1:      dpeg_arrival_tiny_c, layout_basic, ebering_ecumenical_altar_ruins,
          serial_shops, shop
D:2:      layout_basic, serial_shops, shop
D:3:      layout_basic, uniq_ijyb
D:4:      layout_loops_corners, nzn_hepliaklqana_mist_gate,
          nicolae_ossuary_entry_monument, minmay_liquid_box,
          uniq_crazy_yiuf_cottage
D:5:      layout_loops_ring, nemelex_dance_club_becter,
          minmay_temple_entry_fiery, minmay_increasing_density
D:6:      layout_basic, nicolae_gozag_seed_capital, uniq_edmund
Temple:   nicolae_temple_two_arcs

Skill      XL: |  1  2  3  4  5  6  7 |
---------------+----------------------+-----
Stealth        | 5 6 7 8 |  8.0
Dodging        | 3 4 |  4.4
Ice Magic      | 1 2 |  2.0
Invocations    | 1 2 |  2.5
Hexes          | 4 5 |  5.1
Short Blades   | 2 3 |  3.7
Spellcasting   | 3 |  3.0
Evocations     | 1 |  1.0
Fighting       | 1 |  1.0

Action                     |  1- 3 |  4- 6 |  7- 9 || total
---------------------------+-------+-------+-------++-------
  Melee: Dagger            |    94 |   363 |     9 ||   466
         Punch             |       |     3 |       ||     3
   Cast: Ensorcelled Hiber |    12 |    22 |     9 ||    43
         Confusing Touch   |       |     4 |     1 ||     5
 Invoke: Minor Destruction |       |       |     3 ||     3
    Use: Potion            |     1 |       |       ||     1
   Stab: Sleeping          |    20 |    25 |     6 ||    51
         Distracted        |     1 |       |       ||     1
         Invisible         |     2 |       |       ||     2
         Confused          |       |     5 |       ||     5
 Armour: Robe              |    10 |    67 |     1 ||    78
  Dodge: Dodged            |    65 |   283 |     4 ||   352
